Map: Thunderbird LE

Players

Woah - Winner!

  • Race: Terran Terran
  • League: Platinum
  • Spawn Location: 5:00

Elias

  • Race: Protoss Protoss
  • League: Platinum
  • Spawn Location: 11:00

VOD

Have the link to the VOD?

Description

Time

  • Played on: June 11, 2019, 7 p.m.
  • Length: 13:42
Show
View Real Time Build Order
Export as new Build Order

Woah Terran - Winner!

Build Orders:  

Get SALT Encoding   

  12  0:01  SCV  
  13  0:13  SCV  
  14  0:17  Supply Depot  
  14  0:26  SCV  
  15  0:39  SCV  
  15  0:40  Barracks  
  16  0:44  Refinery  
  16  0:51  SCV  
  17  1:03  SCV  
  18  1:15  SCV  
  19  1:27  Orbital Command  
  19  1:28  Marine  
  20  1:51  Barracks  
  20  1:53  Barracks  
  20  1:56  Marine  
  20  1:57  Bunker  
  21  2:23  Command Center  
  20  2:31  Supply Depot  
  20  2:32  SCV  
  20  2:36  Barracks Tech Lab  
  21  2:42  Barracks Reactor  
  21  2:45  SCV  
  22  2:56  Factory  
  22  3:03  Stimpack  
  22  3:07  SCV  
  22  3:12  Marine  
  24  3:19  Barracks  
  24  3:21  SCV  
  24  3:24  Marine  
  26  3:36  Orbital Command  
  26  3:40  Starport  
  26  3:46  Factory Reactor  
  26  3:48  SCV  
  27  3:52  Marine x2, Refinery  
  27  3:54  Marine  
  30  3:57  Orbital Command  
  30  4:01  SCV  
  31  4:07  Engineering Bay  
  31  4:14  SCV  
  32  4:27  SCV  
  33  4:31  Starport Tech Lab  
  33  4:35  Terran Infantry Weapons Level 1  
  33  4:36  Factory Reactor, Marine x2  
  33  4:37  Marine  
  36  4:39  SCV, Marine  
  36  4:45  SCV  
  39  4:50  Bunker  
  39  4:54  SCV, Marine  
  41  5:06  Marauder  
  43  5:16  Raven  
  45  5:23  SCV  
  45  5:27  Command Center  
  46  5:37  Supply Depot  
  46  5:40  Supply Depot  
  46  5:46  Engineering Bay  
  46  5:52  Armory  
  46  5:59  Widow Mine x2  
  50  6:13  Barracks  
  50  6:15  SCV x2  
  52  6:19  Barracks, Refinery  
  52  6:20  Combat Shield, Refinery  
  52  6:21  Concussive Shells  
  52  6:25  Marauder  
  54  6:27  SCV  
  54  6:28  SCV, Marauder  
  58  6:39  SCV  
  59  6:40  SCV  
  59  6:42  Orbital Command  
  60  6:52  SCV x2  
  62  6:54  Medivac x2  
  66  7:04  SCV, Supply Depot  
  66  7:08  Terran Infantry Armor Level 1  
  67  7:18  SCV x2  
  67  7:19  SCV  
  70  7:28  Supply Depot  
  70  7:30  SCV x2  
  64  7:47  Medivac x2  
  64  7:48  Marauder  
  64  7:49  Marauder  
  72  7:51  Barracks Reactor  
  72  7:52  Barracks Reactor  
  72  7:56  SCV x3, Hellbat x2  
  72  7:57  Barracks  
  72  7:58  Barracks  
  79  8:08  SCV x2  
  79  8:09  SCV, Supply Depot  
  79  8:10  Supply Depot  
  82  8:13  Terran Infantry Weapons Level 2  
  82  8:29  Marauder x2, Marine x6  
  92  8:36  Starport  
  92  8:37  Fusion Core  
  92  8:41  Hellbat x2  
  96  8:46  Marine  
  96  8:47  Marine x4  
  101  8:50  Marauder  
  101  8:55  Marauder, Marine x3  
  108  9:04  Marine  
  109  9:19  Marine  
  109  9:21  Marauder  
  109  9:30  Missile Turret x2  
  109  9:31  Missile Turret, Starport Tech Lab  
  109  9:40  Command Center  
  109  9:42  Supply Depot  
  109  9:57  Liberator  
  109  10:03  Liberator  
  109  10:04  SCV x2, Marauder, Marine x4  
  117  10:12  SCV, Marauder  
  116  10:16  SCV x2  
  116  10:24  SCV  
  116  10:26  Marauder  
  116  10:34  Marine  
  117  10:39  Marine  
  117  10:40  Marine  
  117  10:41  Marine  
  117  10:50  Marine  
  117  10:51  Marine x3  
  117  10:52  Marauder x2, Marine  
  123  10:57  Marine  
  123  10:58  Marine x2  
  120  11:07  Viking x3  
  120  11:08  Marine  
  120  11:09  Marine x3  
  128  11:13  Marauder x2  
  98  11:35  Marauder x2  
  98  11:37  Viking x2, Orbital Command  
  108  11:41  Starport x4  
  109  11:47  Battlecruiser  
  109  11:51  Supply Depot  
  109  11:54  Supply Depot  
  112  11:55  Supply Depot  
  112  11:56  Marauder x2  
  116  12:01  Refinery  
  116  12:02  Refinery  
  116  12:07  Viking x2  
  120  12:12  Orbital Command  
  120  12:22  Viking x3  
  126  12:30  Viking  
  128  12:49  Viking x2  
  126  12:51  Viking  
  126  12:52  Viking  
  126  12:58  SCV  
  131  12:59  SCV x3  
  131  13:03  Starport Tech Lab  
  131  13:04  Starport Tech Lab  
  131  13:05  Starport Tech Lab, Refinery  
  134  13:10  SCV, Refinery  
  134  13:11  SCV x2  
Show
View Real Time Build Order
Export as new Build Order

Elias Protoss 

Build Orders: 1 Gate Expand 

Get SALT Encoding   

  12  0:11  Probe  
  13  0:18  Pylon  
  13  0:23  Probe  
  14  0:33  Probe  
  15  0:38  Gateway  
  15  0:41  Probe  
  15  0:49  Probe  
  16  0:52  Assimilator  
  17  1:01  Probe  
  18  1:09  Assimilator  
  18  1:14  Probe  
  19  1:26  Pylon  
  19  1:33  Pylon  
  19  1:43  Nexus  
  19  1:47  Probe  
  20  1:57  Cybernetics Core  
  20  2:00  Probe  
  21  2:13  Probe  
  22  2:25  Probe  
  23  2:43  Warp Gate  
  23  3:11  Pylon  
  23  3:14  Pylon  
  23  3:16  Pylon  
  23  3:17  Probe x2  
  23  3:18  Pylon  
  23  3:19  Gateway  
  25  3:21  Gateway  
  25  3:29  Probe x2  
  25  3:31  Gateway  
  27  3:35  Gateway  
  27  3:36  Robotics Facility  
  27  3:41  Probe  
  28  3:52  Gateway  
  28  3:54  Gateway  
  29  3:55  Probe  
  29  3:57  Probe  
  30  4:07  Probe  
  30  4:09  Probe  
  32  4:21  Probe x2  
  34  4:27  Observer  
  35  4:32  Protoss Air Weapons Level 1  
  35  4:33  Probe  
  35  4:36  Twilight Council  
  35  4:37  Adept x2  
  40  4:42  Assimilator  
  40  4:46  Probe x2  
  42  4:57  Zealot x2  
  42  4:58  Zealot x4, Probe  
  55  5:02  Zealot  
  57  5:07  Assimilator  
  57  5:09  Assimilator, Probe  
  57  5:10  Probe  
  59  5:18  Charge  
  59  5:21  Probe  
  59  5:22  Probe  
  61  5:33  Probe  
  61  5:35  Probe  
  63  5:46  Probe  
  64  6:05  Nexus  
  64  6:07  Assimilator, Probe x2  
  66  6:11  Stalker x2, Assimilator  
  66  6:14  Pylon  
  69  6:19  Probe  
  69  6:20  Pylon  
  69  6:23  Pylon  
  70  6:26  Pylon  
  70  6:32  Observer, Probe x2, Pylon  
  73  6:36  Pylon  
  73  6:37  Pylon  
  73  6:39  Pylon  
  73  6:40  Pylon  
  73  6:44  Probe x2  
  73  6:45  Pylon  
  75  6:47  Stalker x2  
  75  6:50  Sentry x2  
  75  6:54  Observer  
  84  7:11  Stargate  
  84  7:14  Stargate  
  84  7:15  Observer, Stargate  
  85  7:17  Probe x3  
  85  7:21  Adept x3  
  85  7:22  Adept  
  96  7:25  Sentry  
  96  7:29  Adept x2  
  94  7:44  Observer  
  94  8:35  Warp Prism  
  96  8:47  Fleet Beacon  
  94  8:56  Zealot x5  
  94  8:57  Zealot x2  
  100  9:35  Nexus, Probe x2  
  102  9:40  Carrier x3  
  102  9:47  Probe  
  121  10:02  Stalker x3  
  121  10:03  Stalker  
  117  10:08  Zealot x3  
  58  10:34  Zealot  
  58  10:35  Zealot x4  
  53  11:12  Zealot x3  
  53  11:13  Zealot x2  
  58  11:27  Probe  
  59  11:35  Probe  
  60  11:45  Probe  
  61  11:57  Probe  
  62  12:04  Nexus  
  62  12:09  Probe  
  63  12:26  Tempest  
  63  12:29  Pylon, Tempest x2  
  61  12:53  Probe  
  62  13:01  Probe  
  63  13:09  Probe  
  42  13:39  Stalker  
Tags
 
Matchup
PvT
Replay Pack
r1
Spawn Locations
Cross Positions
Add a new tag
Caveats
  • Supply blocks, unpowered buildings, or Contaminate may cause inaccurate times.
  • Supply counts are checked every 10 seconds.